 Dungeon Crawl Stone Soup version 0.22.0-25-g7663229 (webtiles) character file.

325 Tarasboulda the Chopper (level 6, 0/84 HPs)
             Began as a Hill Orc Berserker on Aug 20, 2018.
             Was a Priest of Trog.
             Succumbed to a killer bee's poison
             ... on level 3 of the Dungeon.
             The game lasted 00:09:41 (3266 turns).

Tarasboulda the Chopper (Hill Orc Berserker)        Turns: 3266, Time: 00:09:42

Health: 0/84       AC:  3    Str: 26    XL:     6   Next: 48%
Magic:  6/6        EV: 12    Int:  7    God:    Trog [***...]
Gold:   98         SH:  0    Dex: 11    Spells: 5/5 levels left

rFire    . . .     SeeInvis .   a - +0 hand axe
rCold    . . .     Gourm    .   (no shield)
rNeg     . . .     Faith    .   b - +0 animal skin
rPois    .         Spirit   .   (no helmet)
rElec    .         Reflect  .   (no cloak)
rCorr    .         Harm     .   h - +0 pair of gloves
MR       .....                  (no boots)
Stlth    ..........             (no amulet)
HPRegen  0.24/turn              (no ring)
MPRegen  0.10/turn              (no ring)

@: berserking (expiring), lethally poisoned (0 -> -39), starving, very quick
A: no striking features
a: Berserk, Trog's Hand, Renounce Religion


You were on level 3 of the Dungeon.
You worshipped Trog.
Trog was most pleased with you.
You were starving.

You visited 1 branch of the dungeon, and saw 3 of its levels.
You also visited: Sewer.

You collected 98 gold pieces.

Inventory:

Hand Weapons
 a - a +0 hand axe (weapon)
 r - a -3 falchion
Armour
 b - a +0 animal skin (worn)
 h - a +0 pair of gloves (worn)
Jewellery
 p - a +4 amulet of reflection {unknown}
Scrolls
 d - 2 scrolls of remove curse
 k - 2 scrolls of amnesia
 l - 2 scrolls of immolation
 m - 3 scrolls of teleportation
 n - a scroll of enchant armour
 s - a scroll of identify
Potions
 e - a potion of haste {unknown}
 f - 2 potions of flight
 g - a potion of heal wounds {unknown}
 i - a potion of agility {unknown}
 j - 2 potions of ambrosia {unknown}
 o - 2 potions of curing
 q - a potion of mutation {unknown}
Comestibles
 c - 5 rations


   Skills:
 + Level 5.3 Fighting
 + Level 5.8 Axes
 * Level 4.2 Armour
 - Level 1.9 Dodging
 + Level 1.8 Stealth


You had 5 spell levels left.
You didn't know any spells.
Your spell library was empty.

Dungeon Overview and Level Annotations

Branches:
Dungeon (3/15)

Altars:
Ashenzari


Message History

You feel sick. The killer bee barely misses you. The killer bee stings you!
* * * LOW HITPOINT WARNING * * *
You are more poisoned.
The killer bee poisons you!
The killer bee stings you but does no damage.
The killer bee stings you!
* * * LOW HITPOINT WARNING * * *
The killer bee stings you.
* * * LOW HITPOINT WARNING * * *
You are too berserk!
Unknown command.
* * * LOW HITPOINT WARNING * * *
You feel sick. The killer bee stings you!
* * * LOW HITPOINT WARNING * * *
You are more poisoned.
The killer bee poisons you!
You are too berserk!
You are too berserk!
You feel a strong urge to attack something.
You die...

####.###.########.###
# #.##............. #
#.##..########.###
####............(.#
..<......#######..#
###.###.## #..# # #.#
#.# #..# # .# #.#
#..# # .. ..# #@.# .
.. ## #.y# . ... #yy#
# #.# #.....y..#
........## #########


You could see 4 killer bees.

Vanquished Creatures
  A big kobold (Sewer)
  A scorpion (D:3)
  A killer bee (D:3)
  A river rat (D:3)
  6 adders
  An ooze (D:1)
  A worm (D:3)
  A dart slug (D:1)
  2 leopard geckos
  13 orcs (D:3)
  A giant cockroach (D:1)
  10 goblins
  6 hobgoblins
  2 jackals (Sewer)
  10 kobolds
  A quokka (D:2)
  7 bats
  5 frilled lizards
  14 rats
84 creatures vanquished.

Notes
Turn   | Place    | Note
-------+----------+-------------------------------------------
     0 | D:1      | Tarasboulda the Hill Orc Berserker began the quest for the Orb.
     0 | D:1      | Reached XP level 1. HP: 19/19 MP: 1/1
   187 | D:1      | Reached XP level 2. HP: 21/27 MP: 2/2
   513 | D:1      | Reached XP level 3. HP: 32/33 MP: 3/3
   850 | D:2      | Reached ** piety under Trog
  1281 | D:2      | Reached skill level 5 in Axes
  1281 | D:2      | Reached XP level 4. HP: 34/41 MP: 4/4
  1410 | D:2      | Found a shattered altar of Ashenzari.
  1875 | D:3      | Reached XP level 5. HP: 28/47 MP: 5/5
  2091 | D:3      | Reached skill level 1 in Stealth
  2218 | D:3      | Reached skill level 5 in Fighting
  2224 | D:3      | Reached *** piety under Trog
  2234 | D:3      | Found a glowing drain.
  2238 | Sewer    | Entered a sewer
  2337 | Sewer    | Noticed a big kobold
  2347 | Sewer    | Killed a big kobold
  2347 | Sewer    | Reached XP level 6. HP: 56/56 MP: 6/6
  2415 | Sewer    | Found a white marble altar of Elyvilon.
  3265 | D:3      | HP: 2/84 [killer bee (7)]
  3266 | D:3      | Succumbed to a killer bee's poison

Skill      XL: |  1  2  3  4  5  6 |
---------------+-------------------+-----
Fighting       | 4 5 |  5.3
Axes           | 5 |  5.8
Armour         | 3 4 |  4.2
Stealth        | 1 |  1.8
Dodging        | |  1.9

Action                   |  1- 3 |  4- 6 || total
-------------------------+-------+-------++-------
Melee: Hand axe          |    94 |   156 ||   250
Invok: Berserk           |       |     4 ||     4
  Use: Scroll            |     7 |       ||     7
       Potion            |       |     2 ||     2
  Eat: Chunk             |     1 |     5 ||     6
       Ration            |       |     1 ||     1
Armor: Animal skin       |    34 |    38 ||    72
Dodge: Dodged            |    71 |   117 ||   188
